 Dungeon Crawl Stone Soup version 0.31.0-11-ge490571c62 (webtiles) character file.

Game seed: 6915967987570883474

9 Gadfly the Trooper (level 2, 19/24 HPs)
             Began as a Demonspawn Monk on Feb 5, 2024.
             Quit the game on level 1 of the Dungeon.
             The game lasted 00:00:19 (228 turns).

Gadfly the Trooper (Demonspawn Monk)                 Turns: 228, Time: 00:00:20

Health: 19/24      AC:  2    Str: 11    XL:     2   Next: 6%
Magic:  2/2        EV: 13    Int: 10    God:
Gold:   8          SH:  0    Dex: 15    Spells: 1/1 levels left

rFire   . .          .
                       - Unarmed
rCold   . . .        c - orb {light}
rNeg    . . .        a - +0 robe
rPois   .            (no helmet)
rElec   .            (no cloak)
rCorr   .            (no gloves)
SInv    .            (no boots)
Will    .....        (no amulet)
Stlth   +            (no ring)
HPRegen 0.24/turn    (no ring)
MPRegen 0.08/turn

%: no passive effects
@: glowing
A: demonic magic 1
a: no special abilities


You were on level 1 of the Dungeon.
You visited 1 branch of the dungeon, and saw 1 of its levels.

You collected 8 gold pieces.

Inventory:

Armour
 a - a +0 robe (worn)
 c - an orb of light (worn)
Scrolls
 d - a scroll of teleportation {unknown}
 e - a scroll of poison {unknown}
Potions
 b - a potion of ambrosia


   Skills:
 - Level 3.0 Fighting
 + Level 2.7 Dodging
 * Level 2.8 Unarmed Combat
 * Level 0.7 Evocations
 * Level 0.5 Shapeshifting


You had one spell level left.
You didn't know any spells.
Your spell library contained the following spells:

 Spells                   Type           Power      Damage    Failure   Level
 Inner Flame              Hex/Fire       0%         N/A       75%         3
 Irradiate                Conj/Alch      0%         3d11      100%        5
 Ignition                 Fire           0%         3d3       100%        8


Dungeon Overview and Level Annotations

Branches:
Dungeon (1/15)

Altars:


Innate Abilities, Weirdness & Mutations

Spells you cast may paralyse adjacent enemies.


Message History

No target in view!
A ball python comes into view.
Found a leather armour.
The ball python hisses angrily.
You see here a hobgoblin corpse.
A goblin comes into view. It is wielding a +0 dagger.
The goblin shouts!
The ball python misses you. The ball python grabs you.
The ball python constricts you.
You barely miss the ball python. The ball python barely misses you.
The ball python constricts you.
You hit the ball python.
The ball python is moderately wounded.
The ball python barely misses you. The ball python constricts you.
The ball python closely misses you. The ball python constricts you.
You hit the ball python.
The ball python is heavily wounded.
The ball python barely misses you. The ball python constricts you.
The goblin misses you.
You hit the ball python.
The ball python is severely wounded.
The ball python bites you but does no damage.
The ball python constricts you. The goblin barely misses you.
You hit the ball python.
You kill the ball python!
You have reached level 2!
Your demonic ancestry asserts itself...
A menacing aura infuses your magic.
You barely miss the goblin. The goblin hits you but does no damage.
You barely miss the goblin. The goblin hits you but does no damage.
You completely miss the goblin. The goblin hits you with a +0 dagger.
You hit the goblin.
You kill the goblin!
No target in view!
No target in view!
No target in view!
No target in view!
No target in view!
No target in view!
Are you sure you want to abandon this character and quit the game? (Confirm with "yes".)

### #.. ..# #.#
#.#.# #.# #.#.#
#.# ##(#.# #.#..
##.%#.#
#####.##...#[....#
#.....###....)...#
#......## #@..#
#.......######†#.#
#..............#.#
##.#####.#######.#
#....##.# #.#
#..#....##.# #.#
...........# #.#
.....####..#
#.#########
##...####..##
#.........#


There were no monsters in sight!

Vanquished Creatures
  3 ball pythons (D:1)
  2 goblins (D:1)
  2 hobgoblins (D:1)
7 creatures vanquished.

Notes
Turn   | Place    | Note
-------+----------+-------------------------------------------
     0 | D:1      | Gadfly the Demonspawn Monk began the quest for the Orb.
     0 | D:1      | Reached XP level 1. HP: 18/18 MP: 1/1
   224 | D:1      | Gained mutation: Spells you cast may paralyse adjacent
                  | enemies. [demonic ancestry]
   224 | D:1      | Reached XP level 2. HP: 20/24 MP: 2/2
   228 | D:1      | Quit the game

Illustrated notes

Levels and vault maps discovered:
D:1:      dpeg_arrival_leaves_temple_mockup, layout_basic,
          hangedman_decor_riveting, minmay_cupped

Action                     || total
---------------------------++-------
  Melee: Unarmed           ||    21
 Armour: Robe              ||     6
  Dodge: Dodged            ||    14
